 Dungeon Crawl Stone Soup version 0.18.1-48-g4cf74bf (webtiles) character file.

444 PossumBlood the Skirmisher (level 7, -3/59 HPs)
             Began as a Formicid Fighter on Aug 25, 2016.
             Slain by an orc
             ... wielding a +0 trident
              (8 damage)
             ... on level 3 of the Dungeon.
             The game lasted 00:06:12 (2100 turns).

PossumBlood the Skirmisher (Formicid Fighter)       Turns: 2100, Time: 00:06:14

Health: -3/59      AC:  7    Str: 29    XL:     7   Next: 23%
Magic:  7/7        EV:  8    Int:  8    God:
Gold:   317        SH: 10    Dex: 10    Spells: 0 memorised, 6 levels left

rFire  . . .     SeeInvis +     a - +1 war axe
rCold  . . .     Gourm    .     b - +0 scale mail
rNeg   . . .     Faith    .     c - +0 shield
rPois  .         Spirit   .     (helmet unavailable)
rElec  .         Dismiss  .     (no cloak)
rCorr  .         Reflect  .     (no gloves)
SustAt .         Harm     +     (no boots)
MR     .....                    m - amulet of harm
Stlth  ..........               p - +3 ring of strength
                                o - +4 ring of strength

@: lethally poisoned (-3 -> -4), not resistant to hostile enchantments,
extremely unstealthy
A: permanent stasis, dig shafts and tunnels, four strong arms, antennae 3
a: Dig, Shaft Self


You were on level 3 of the Dungeon.
You were not hungry.

You visited 1 branch of the dungeon, and saw 3 of its levels.

You collected 317 gold pieces.

Inventory:

Hand Weapons
 a - a +1 war axe (weapon)
 q - a +2 long sword of holy wrath
Missiles
 h - 5 tomahawks
 k - 7 javelins (quivered)
Armour
 b - a +0 scale mail (worn)
 c - a +0 shield (worn)
Jewellery
 m - an amulet of harm (around neck)
 o - a +4 ring of strength (left hand)
 p - a +3 ring of strength (right hand)
Wands
 d - a wand of flame (24/48)
Scrolls
 e - 2 scrolls of identify
 i - 2 scrolls of fog
 s - a scroll of magic mapping
Potions
 j - a potion of cure mutation
Comestibles
 f - 2 bread rations
 n - a meat ration
 r - a beef jerky


   Skills:
 * Level 6.3 Fighting
 + Level 3.9 Axes
 + Level 5.1 Armour
 - Level 3.6 Shields


You had 6 spell levels left.
You didn't know any spells.

Dungeon Overview and Level Annotations

Branches:
Dungeon (3/15)

Altars:
Kikubaaqudgha
Zin

Shops:
D:3 *


Innate Abilities, Weirdness & Mutations

You are under a permanent stasis effect.
You can dig through walls and to a lower floor.
Your four strong arms can wield two-handed weapons with a shield.
You have a pair of large antennae on your head (SInv).


Message History

The orc warrior closely misses you. The orc hits you but does no damage.
You barely miss the orc warrior.
The orc warrior is heavily wounded.
You feel sick. The orc warrior barely misses you. You block the orc's attack.
You slash the orc warrior!
The orc warrior is severely wounded.
You block the orc's attack. You block the orc warrior's attack.
You hit the orc warrior but do no damage.
The orc warrior is severely wounded.
You block the orc's attack. You block the orc warrior's attack.
You completely miss the orc warrior.
The orc warrior is severely wounded.
You feel sick. The orc closely misses you. You block the orc warrior's attack.
You barely miss the orc warrior.
The orc warrior is severely wounded.
The orc closely misses you.
The orc warrior hits you with a long sword!
* * * LOW HITPOINT WARNING * * *
The orc hits you from afar with a trident!
You die...

#. #.........#†# ##
#...#..##.###.####.
#...####....#
#..##.. #.#
##....#####..... .
#..##...........
##.########......
#..# #####...)..
..#######.##
#......))..
.....soo@.#
#..###.)†...
....#.o#### ..
#...... . #...!
#...... #.<#.
#...... #..## {
#...... ##
###......
.###.<......
............
#..........


You could see an orc warrior, 2 orcs and a giant cockroach.

Vanquished Creatures
  Sigmund (D:2)
  A giant frog (D:3)
  2 vampire bats (D:2)
  An orc priest (D:3)
  3 adders
  An ooze (D:2)
  A dart slug (D:1)
  A giant gecko (D:2)
  8 orcs (D:3)
  11 bats
  4 bat skeletons (D:2)
  3 bat zombies (D:2)
  3 giant cockroaches
  10 goblins
  7 hobgoblins
  3 jackals (D:3)
  5 kobolds
  A quokka (D:3)
  3 giant newts
  4 rats
  2 fungi (D:1)
75 creatures vanquished.

Notes
Turn   | Place    | Note
--------------------------------------------------------------
     0 | D:1      | PossumBlood the Formicid Fighter began the quest for the Orb.
     0 | D:1      | Reached XP level 1. HP: 18/18 MP: 1/1
     6 | D:1      | Noticed a swamp drake
     6 | D:1      | Noticed a komodo dragon
     6 | D:1      | Noticed a worker ant
     6 | D:1      | Noticed a water moccasin
   241 | D:1      | Reached XP level 2. HP: 24/24 MP: 2/2
   744 | D:1      | Reached XP level 3. HP: 29/29 MP: 3/3
   833 | D:2      | Reached skill level 4 in Fighting
   941 | D:2      | Reached XP level 4. HP: 35/37 MP: 4/4
  1283 | D:2      | Found an ancient bone altar of Kikubaaqudgha.
  1283 | D:2      | Noticed Sigmund
  1289 | D:2      | Killed Sigmund
  1289 | D:2      | Reached skill level 5 in Fighting
  1289 | D:2      | Reached XP level 5. HP: 39/44 MP: 5/5
  1289 | D:2      | Reached XP level 6. HP: 45/51 MP: 6/6
  1692 | D:3      | Reached skill level 6 in Fighting
  1812 | D:3      | Found Zin's Purification Station.
  1818 | D:3      | Found a glowing silver altar of Zin.
  1901 | D:3      | Reached skill level 5 in Armour
  1901 | D:3      | Reached XP level 7. HP: 44/58 MP: 7/7
  2059 | D:3      | Gained mutation: You are frail (-10% HP). [potion of mutation]
  2059 | D:3      | Gained mutation: You occasionally shout uncontrollably at your foes. [potion of mutation]
  2059 | D:3      | Gained mutation: You are resistant to electric shocks. [potion of mutation]
  2060 | D:3      | Lost mutation: You are frail (-10% HP). [potion of cure mutation]
  2060 | D:3      | Lost mutation: You occasionally shout uncontrollably at your foes. [potion of cure mutation]
  2060 | D:3      | Lost mutation: You are resistant to electric shocks. [potion of cure mutation]
  2100 | D:3      | Slain by an orc

Skill      XL: |  1  2  3  4  5  6 |
---------------+-------------------+-----
Fighting       | 4 5 6 |  6.3
Armour         | 4 5 |  5.1
Axes           | 3 |  3.9
Shields        | |  3.6

Action                   |  1- 3 |  4- 6 |  7- 9 || total
-------------------------+-------+-------+-------++-------
Melee: War axe           |   127 |    92 |    38 ||   257
 Abil: Dig               |     2 |       |       ||     2
  Use: Potion            |       |     1 |     5 ||     6
       Scroll            |       |     6 |     3 ||     9
  Eat: Bread ration      |       |     1 |       ||     1
Armor: Scale mail        |    64 |    66 |    18 ||   148
Dodge: Dodged            |    43 |    45 |    19 ||   107
Block: Shield            |    66 |    68 |    36 ||   170
